 Dungeon Crawl Stone Soup version 0.30-a0-883-g5ad918d77d (webtiles) character file.

Game seed: 10241046232184615999

1850844 FexLirch the Slayer (level 27, 203/203 HPs)
             Began as a Gnoll Artificer on Mar 14, 2023.
             Was the Champion of Cheibriados.
             Escaped with the Orb
             ... and 3 runes on Mar 16, 2023!
             The game lasted 06:16:40 (59379 turns).

FexLirch the Slayer (Gnoll Artificer)              Turns: 59379, Time: 06:16:40

Health: 203/203    AC: 25    Str: 38    XL:     27
Magic:  37/37      EV: 36    Int: 40    God:    Cheibriados [******]
Gold:   6865       SH: 37    Dex: 35    Spells: 1/66 levels left

rFire   + . .      SeeInvis +    e - +11 broad axe of Eternal Vigilance {heavy, Will+ Str+2}
rCold   + . .      Faith    .    N - +6 tower shield of Watchfulness {Dex+6}
rNeg    + . .      Spirit   .    v - +5 ring mail of Vyqimo {rElec Will+ Int+3}
rPois   .          Reflect  .    (helmet restricted)
rElec   +          Rampage  .    D - +2 cloak of the Thief {*Fog Slay-2 SInv Stlth+}
rCorr   .                        Y - +0 pair of gloves of Eloku {rF+ Str+3 Int+2}
Will    ++++.                    U - +2 pair of boots
Stlth   +++                      j - amulet of magic regeneration
HPRegen 0.53/turn                I - +6 ring of intelligence
MPRegen 0.65/turn                r - ring "Tiethral" {rElec rC+ rN+ Str+3 Int+2}

@: studying Throwing, very slow
A: fangs 1, strong nose, distributed training, horns 1, large bone plates 1,
dopey 2, frail 1, low MP 2, shaggy fur 1, weak 2, inability to drink after
injury 2
0: Orb of Zot
}: 3/15 runes: decaying, serpentine, abyssal
a: Renounce Religion, Bend Time, Temporal Distortion, Slouch, Step From Time


You escaped.
You worshipped Cheibriados.
Cheibriados was exalted by your worship.
You visited 11 branches of the dungeon, and saw 51 of its levels.
You visited the Abyss 2 times.
You visited 1 bazaar.
You also visited: Sewer, Bailey and Ice Cave.

You collected 10264 gold pieces.
You spent 3399 gold pieces at shops.

Inventory:

Hand Weapons
 b - the +11 double sword of Red Wine {pain, Dex+6}
   (You found it on level 3 of the Crypt)

   Dex:       It affects your dexterity (+6).
 e - the +11 broad axe of Eternal Vigilance (weapon) {heavy, Will+ Str+2}
   (You bought it in a shop on level 2 of the Orcish Mines)

   Str:       It affects your strength (+2).
   Will:      It increases your willpower.
 f - a +9 double sword of flaming
 o - a +8 hand crossbow of flaming
 q - the +4 demon whip of Pyromania {freeze, rN+ Will- Int+7}
   (You found it on level 2 of the Depths)

   Int:       It affects your intelligence (+7).
   rN:        It protects you from negative energy.
   Will:      It decreases your willpower.
Missiles
 k - 6 throwing nets
Armour
 t - +6 fire dragon scales
 v - the +5 ring mail of Vyqimo (worn) {rElec Will+ Int+3}
   (You bought it in a shop on level 2 of the Orcish Mines)

   Int:       It affects your intelligence (+3).
   rElec:     It insulates you from electricity.
   Will:      It increases your willpower.
 D - the +2 cloak of the Thief (worn) {*Fog Slay-2 SInv Stlth+}
   (You found it on level 3 of the Elven Halls)

   *Fog:      It may release a thick cloud of smoke when the wearer is hurt.
   Slay:      It affects your accuracy & damage with ranged weapons and melee
   (-2).
   SInv:      It lets you see invisible.
   Stlth:     It makes you more stealthy.
 N - the +6 tower shield of Watchfulness (worn) {Dex+6}
   (You took it off Louise on level 1 of the Snake Pit)

   Dex:       It affects your dexterity (+6).
 U - a +2 pair of boots (worn)
 Y - the +0 pair of gloves of Eloku (worn) {rF+ Str+3 Int+2}
   (You acquired it on level 2 of the Depths)

   Str:       It affects your strength (+3).
   Int:       It affects your intelligence (+2).
   rF:        It protects you from fire.
 Z - the +1 helmet "Osefad" {rF+ rN+++ Str-3 Int-5}
   (You bought it in a shop on level 11 of the Dungeon)

   Str:       It affects your strength (-3).
   Int:       It affects your intelligence (-5).
   rF:        It protects you from fire.
   rN:        It renders you almost immune to negative energy.
Jewellery
 j - an amulet of magic regeneration (around neck)
 r - the ring "Tiethral" (right hand) {rElec rC+ rN+ Str+3 Int+2}
   (You found it on level 3 of the Crypt)

   [ring of positive energy]

   Str:       It affects your strength (+3).
   Int:       It affects your intelligence (+2).
   rC:        It protects you from cold.
   rElec:     It insulates you from electricity.
   rN:        It protects you from negative energy.
 x - a +6 ring of intelligence
 I - a +6 ring of intelligence (left hand)
 R - a ring of wizardry
 W - a ring of resist corrosion
 X - a ring of willpower
Wands
 c - a wand of flame (82)
 d - a wand of charming (62)
 g - a wand of light (20)
 u - a wand of mindburst (23)
 L - a wand of iceblast (52)
 T - a wand of digging (45)
 V - a wand of polymorph (3)
Scrolls
 a - 7 scrolls of magic mapping
 n - 25 scrolls of teleportation
 z - 6 scrolls of torment
 A - 6 scrolls of vulnerability
 C - 9 scrolls of fog
 K - 3 scrolls of summoning
 M - 10 scrolls of fear
 O - 6 scrolls of silence
 S - 7 scrolls of blinking
Potions
 h - 3 potions of might
 i - 4 potions of invisibility
 l - 6 potions of berserk rage
 p - 4 potions of magic
 s - 5 potions of ambrosia
 w - 11 potions of brilliance
 E - 18 potions of flight
 F - 12 potions of lignification
 H - 10 potions of heal wounds
 J - 23 potions of curing
 P - 8 potions of cancellation
 Q - 4 potions of attraction
Miscellaneous
 m - a box of beasts
 y - a lightning rod (4/4)
 G - a condenser vane


   Skills:
 + Level 25.2 Fighting
 + Level 20.1 Short Blades
 + Level 20.1 Long Blades
 + Level 20.1 Axes
 + Level 20.1 Maces & Flails
 + Level 20.1 Polearms
 + Level 20.1 Staves
 + Level 20.1 Ranged Weapons
 + Level 21.8 Throwing
 + Level 20.5 Armour
 + Level 20.2 Dodging
 + Level 20.2 Stealth
 + Level 20.1 Shields
 + Level 20.1 Unarmed Combat
 + Level 20.1 Spellcasting
 + Level 17.1 Conjurations
 + Level 17.1 Hexes
 + Level 17.1 Summonings
 + Level 17.1 Necromancy
 + Level 17.1 Translocations
 + Level 17.1 Transmutations
 + Level 17.1 Fire Magic
 + Level 17.1 Ice Magic
 + Level 17.1 Air Magic
 + Level 17.1 Earth Magic
 + Level 17.1 Poison Magic
 + Level 21.7 Invocations
 + Level 20.9 Evocations


You had one spell level left.
You knew the following spells:

 Your Spells              Type           Power      Damage    Failure   Level
a - Wereblood             Tmut           100%       N/A       0%          2
b - Lesser Beckoning      Tloc           100%       N/A       0%          2
c - Statue Form           Tmut/Erth      72%        N/A       1%          6
d - Borgnjor's Revivific  Necr           54%        N/A       9%          8
e - Manifold Assault      Tloc           100%       N/A       0%          4
f - Passage of Golubria   Tloc           100%       N/A       0%          4
g - Haunt                 Necr/Summ      54%        N/A       1%          7
h - Apportation           Tloc           100%       N/A       0%          1
i - Ignition              Fire           54%        3d15      9%          8
j - Sublimation of Blood  Necr           100%       N/A       0%          2
k - Yara's Violent Unrav  Hex/Tmut       54%        3d21      1%          5
l - Silence               Hex/Air        54%        N/A       1%          5
m - Dispersal             Tloc           54%        N/A       1%          6
n - Portal Projectile     Hex/Tloc       100%       N/A       0%          3
o - Passwall              Tmut/Erth      90%        N/A       0%          2

Your spell library contained the following spells:

 Spells                   Type           Power      Damage    Failure   Level
 Beastly Appendage        Tmut           100%       N/A       0%          1
 Foxfire                  Conj/Fire      100%       2x1d9     0%          1
 Freeze                   Ice            100%       1d10      0%          1
 Kiss of Death            Conj/Necr      100%       2d13      0%          1
 Magic Dart               Conj           100%       1d8       0%          1
 Necrotise                Necr           100%       1d9       0%          1
 Sandblast                Erth           100%       2d20      0%          1
 Shock                    Conj/Air       100%       1d9       0%          1
 Sting                    Tmut/Pois      100%       1d8       0%          1
 Summon Small Mammal      Summ           100%       N/A       0%          1
 Blink                    Tloc           100%       N/A       0%          2
 Call Imp                 Summ           100%       N/A       0%          2
 Ensorcelled Hibernation  Hex/Ice        100%       N/A       0%          2
 Scorch                   Fire           100%       2d10      0%          2
 Searing Ray              Conj           100%       2d8       0%          2
 Static Discharge         Conj/Air       100%       2-7/arc   0%          2
 Call Canine Familiar     Summ           100%       N/A       0%          3
 Confusing Touch          Hex            100%       N/A       0%          3
 Dazzling Flash           Conj/Hex       100%       N/A       0%          3
 Frozen Ramparts          Ice            100%       1d16      0%          3
 Gell's Gravitas          Tloc           100%       N/A       0%          3
 Hailstorm                Conj/Ice       100%       3d20      0%          3
 Ignite Poison            Fire/Tmut/Pois 100%       N/A       0%          3
 Inner Flame              Hex/Fire       100%       N/A       0%          3
 Kindle Blastsparks       Fire/Tloc/Air  100%       2d18      0%          3
 Mephitic Cloud           Conj/Pois/Air  100%       N/A       0%          3
 Ozocubu's Armour         Ice            100%       N/A       0%          3
 Spider Form              Tmut/Pois      100%       N/A       0%          3
 Stone Arrow              Conj/Erth      100%       3d13      0%          3
 Summon Guardian Golem    Hex/Summ       100%       N/A       0%          3
 Swiftness                Air            100%       N/A       0%          3
 Teleport Other           Tloc           100%       N/A       0%          3
 Tukima's Dance           Hex            100%       N/A       0%          3
 Vampiric Draining        Necr           100%       2d13      0%          3
 Vhi's Electric Charge    Tloc/Air       100%       N/A       0%          3
 Airstrike                Air            54%        2d(8-24)  0%          4
 Anguish                  Hex/Necr       54%        N/A       0%          4
 Animate Dead             Necr           100%       N/A       0%          4
 Cause Fear               Hex            54%        N/A       0%          4
 Dispel Undead            Necr           100%       3d31      0%          4
 Flame Wave               Conj/Fire      100%       2d21      0%          4
 Fulminant Prism          Conj/Hex       54%        3d23      0%          4
 Ice Form                 Ice/Tmut       100%       N/A       0%          4
 Iskenderun's Mystic Bla  Conj/Tloc      100%       2d19      0%          4
 Leda's Liquefaction      Hex/Erth       54%        N/A       0%          4
 Olgreb's Toxic Radiance  Pois           100%       N/A       0%          4
 Petrify                  Tmut/Erth      100%       N/A       0%          4
 Sticky Flame             Conj/Fire      100%       2d11      0%          4
 Agony                    Necr           100%       N/A       1%          5
 Alistair's Intoxication  Tmut/Pois      72%        N/A       1%          5
 Arcjolt                  Conj/Air       54%        1d64      1%          5
 Blade Hands              Tmut           54%        N/A       1%          5
 Borgnjor's Vile Clutch   Necr/Erth      54%        N/A       1%          5
 Fireball                 Conj/Fire      54%        3d21      1%          5
 Iskenderun's Battlesphe  Conj           100%       2d15      1%          5
 Lee's Rapid Deconstruct  Erth           54%        3d25*     1%          5
 Lightning Bolt           Conj/Air       54%        1d76      1%          5
 Metabolic Englaciation   Hex/Ice        54%        N/A       1%          5
 Summon Forest            Summ/Tloc      54%        N/A       1%          5
 Summon Mana Viper        Hex/Summ       100%       N/A       1%          5
 Eringya's Noxious Bog    Tmut/Pois      54%        N/A       1%          6
 Iron Shot                Conj/Erth      54%        9d10      1%          6
 Simulacrum               Ice/Necr       54%        N/A       1%          6
 Starburst                Conj/Fire      54%        6d15      1%          6
 Summon Cactus Giant      Summ           54%        N/A       1%          6
 Malign Gateway           Summ/Tloc      54%        N/A       1%          7
 Ozocubu's Refrigeration  Ice            54%        4d19      1%          7
 Spellforged Servitor     Conj/Summ      54%        N/A       1%          7
 Storm Form               Tmut/Air       54%        N/A       1%          7
 Summon Hydra             Summ           54%        N/A       1%          7
 Discord                  Hex            54%        N/A       9%          8
 Disjunction              Tloc           54%        N/A       9%          8
 Infestation              Necr           54%        N/A       9%          8
 Summon Horrible Things   Summ           54%        N/A       9%          8
 Chain Lightning          Conj/Air       54%        3d72      80%         9
 Fire Storm               Conj/Fire      54%        8d14      80%         9


Dungeon Overview and Level Annotations

Branches:
Dungeon (15/15)            Temple (0/1) D:6            Lair (5/5) D:8
  Swamp (4/4) Lair:2        Snake (4/4) Lair:2        Slime (1/5) Lair:4
    Orc (2/2) D:10            Elf (3/3) Orc:2        Vaults (5/5) D:14
  Crypt (3/3) Vaults:3       Tomb (0/3) Crypt:3      Depths (4/4) D:15
    Zot (5/5) Depths:4      Sewer (visited)          Bailey (visited)
  IceCv (visited)

Altars:
Cheibriados
Dithmenos
Elyvilon
Gozag
Hepliaklqana
Okawaru
Sif Muna
Wu Jian
Xom
Yredelemnul
Zin
The Shining One
Lugonu

Shops:
D:5 *   D:11 *[[[   Orc:2 ([*:   Elf:3 =   Snake:1 (   Snake:3 (   Vaults:1 [=
Depths:2 ?   Depths:3 ?

Portals:
Hell: Depths:1 Depths:2 Depths:3 Depths:4
Abyss: Lair:5 Depths:3
Pandemonium: Depths:1 Depths:2
Ziggurat: Depths:1
Trove: D:11 (give 5 potions of resistance)

Annotations:
Zot:2 exclusion: lich
Zot:5 2 exclusions


Innate Abilities, Weirdness & Mutations

You have very sharp teeth.
Your uncanny sense of smell can sniff out nearby items.
Your experience applies equally to all skills.
You have a pair of small horns on your head.
You are partially covered in large bone plates. (SH +4)
You are very dopey. (Int -4)
You are frail. (-10% HP)
Your magical capacity is very low. (-20% MP)
You are covered in fur. (AC +1)
You are very weak. (Str -4)
You sometimes lose the ability to drink potions when taking damage.


Message History

Your shadow wraith disappears in a puff of smoke!
Your phantasmal warrior disappears in a puff of smoke!
Things that are here:
a +2 whip of holy wrath; a +0 robe A giant cockroach is nearby!
Your transformation is almost over.
You revert to your normal fleshy form.
The +0 pair of gloves of Eloku {rF+ Str+3 Int+2} unmelds from your body.
Your +2 pair of boots unmelds from your body.
The +5 ring mail of Vyqimo {rElec Will+ Int+3} unmelds from your body.
There is an open door here.
There is a stone staircase leading up here.
You climb upwards.
There is a stone staircase leading down here.
There is a stone staircase leading up here.
You climb upwards.
There is a stone staircase leading down here.
A profane servitor comes into view. It is wielding a +1 whip.
Aiming: Dig
Press: ? - help, Shift-Dir - straight line A rock wall.
This square is wreathed by an umbra and is covered in magical glow.
Okay, then.
Unknown command.
Casting: Haunt (mildly dangerous; 1% risk of failure)
Confirm with . or Enter, or press ? or * to list all spells.
Aiming: Passwall (safe; 0% risk of failure)
Press: ? - help, Dir - move target A rock wall.
This square is wreathed by an umbra and is covered in magical glow.
You begin to meditate on the wall.
You continue meditating on the rock.
You block the profane servitor's attack. x2
You continue meditating on the rock.
Magic restored.
You block the profane servitor's attack.
The profane servitor hits you but does no damage.
You block the profane servitor's attack.
The profane servitor hits you but does no damage.
You finish merging with the rock.
You have escaped!

..#####......###.##...# #..
##.....##....##...#...#########..
##########....#..................
##...##.##..###########. #######
##...#.....# #. ......###
##..##..#.###########. ........#
##..#................ ........#
##.##.#.############ ........#
#####@#.#...#
#.......####...###.....#
#....................############
...................A>............
..................#.############.
..................+...#........#.
..................#.#.#.######.#.
..................#.#.#.# #.#.
..................#.#.#.# #.#.


There were no monsters in sight!

Vanquished Creatures
  6 dread liches
  An ancient lich (Depths:2)
  5 orbs of fire (Zot:5)
  Mara (Vaults:2)
  4 juggernauts
  Vv (Zot:1)
  6 Killer Klowns (Zot:5)
  Bai Suzhen (Depths:2)
  Margery (Depths:3)
  Parghit (Depths:4)
  Frederick (Depths:4)
  5 curse toes
  Saint Roka (Depths:2)
  Vashnia (Snake:2)
  8 golden dragons
  Jory (Crypt:3)
  3 doom hounds (Zot:1)
  3 bone dragons
  3 electric golems
  A shard shrike zombie (Crypt:3)
  Zenata (Vaults:2)
  Grunn (Zot:1)
  An Ice Fiend (D:3)
  6 deep elf blademasters
  4 liches
  18 tentacled monstrosities
  28 Orb Guardians
  6 quicksilver dragons
  6 deep elf master archers (Elf:3)
  15 death cobs
  Frances (D:12)
  3 thorn hunters
  An eldritch tentacle (Abyss:4)
  6 ancient champions
  3 tentacled starspawn
  A sphinx (Vaults:3)
  7 shadow dragons
  Kirke (Snake:3)
  Agnes (Snake:3)
  7 draconian monks
  7 tengu reavers
  9 storm dragons
  Donald (Crypt:2)
  The ghost of luigi the Geomancer, an adept DrTm of Ru (Snake:3)
  7 nagarajas
  6 frost giants
  4 draconian knights
  3 draconian scorchers (Zot:1)
  3 fire giants
  6 fenstrider witches
  An orc warlord (Orc:2)
  Louise (Snake:1)
  11 deep elf sorcerers
  A revenant (Crypt:2)
  An iron dragon (Depths:3)
  A caustic shrike zombie (Crypt:3)
  2 balrugs (Abyss:4)
  14 vault wardens
  10 ghouls
  An angel (D:3)
  The ghost of Vomnuq the Cleaver, a journeyman DsGl of Hepliaklqana (Snake:1)
  3 curse skulls
  3 draconian stormcallers (Zot:5)
  6 draconian annihilators
  4 deep elf elementalists (Elf:3)
  Aizul (Snake:2)
  A war gargoyle (Vaults:3)
  15 stone giants
  18 ironbound preservers
  A reaper (Swamp:4)
  39 very ugly things
  3 green draconians
  A cacodemon (Abyss:2)
  6 ironbound thunderhulks
  3 eleionomae
  3 deep elf demonologists
  13 black draconians
  12 dire elephants
  21 vampire knights
  Azrael (Elf:1)
  3 red draconians
  9 bunyips
  6 yellow draconians
  7 deep elf annihilators
  11 purple draconians
  10 white draconians
  11 ettins
  5 eidola
  A crystal guardian (Vaults:4)
  8 deep elf death magi
  An elf zombie (Crypt:1)
  5 deep elf high priests
  A blizzard demon (Swamp:4)
  6 jiangshi (Crypt:3)
  A merfolk javelineer (Depths:3)
  7 fire dragons
  2 shambling mangroves (Swamp:4)
  A merfolk impaler (Depths:3)
  12 yaktaur captains
  An entropy weaver (Vaults:4)
  5 great orbs of eyes
  A quicksilver dragon zombie (Crypt:1)
  14 vault guards
  2 peacekeepers
  4 ice dragons
  4 rakshasas
  A caustic shrike simulacrum (IceCv)
  4 spriggan air magi
  A spriggan skeleton (Abyss:4)
  11 hydras
  A merfolk avatar (Abyss:4)
  A ghost crab (Swamp:3)
  13 ironbound frosthearts
  A bennu zombie (Crypt:3)
  14 centaur warriors
  5 ogre magi
  7 boulder beetles
  2 catoblepae
  9 anacondas
  3 death knights
  9 alligators
  12 two-headed ogres
  8 tengu warriors
  36 dancing weapons
  9 deep troll shamans
  15 naga warriors
  17 naga sharpshooters
  11 deep troll earth magi
  10 death yaks
  3 orc high priests (Orc:2)
  14 vampire magi
  4 spriggan berserkers
  11 thrashing horrors
  Sonja (Lair:4)
  7 shock serpents
  3 storm dragon zombies (Crypt:3)
  4 sun demons (Abyss:4)
  7 soul eaters
  8 hell knights
  14 deep elf knights
  14 iron trolls
  A sixfirhy (Swamp:4)
  25 skeletal warriors
  A skyshark (Lair:3)
  2 bunyip zombies (Crypt:3)
  11 spriggan druids
  3 wretched stars
  4 golden dragon zombies
  3 anaconda zombies (Snake:4)
  A nameless horror (Vaults:1)
  5 salamander mystics
  2 spectral anacondas (Snake:4)
  3 goliath frogs
  8 sea snakes (Snake:4)
  A ghost moth zombie (Crypt:3)
  2 death drakes
  55 deep trolls
  13 bog bodies
  9 lindwurms
  5 flayed ghosts
  8 naga ritualists
  An orb spider (Abyss:4)
  6 glowing orange brains
  3 orange crystal statues
  23 phantasmal warriors
  2 iron giant zombies (Crypt:3)
  6 swamp dragons
  19 deep elf archers
  30 deep elf zephyrmancers
  18 wizards
  Pikel (D:8)
  8 mana vipers
  6 orc knights
  16 ironbound convokers
  8 harpies
  42 deep elf pyromancers
  4 anaconda skeletons (Snake:4)
  A wolf spider (shapeshifter) (Vaults:2)
  58 ugly things
  A mana viper (shapeshifter) (Elf:1)
  14 necromancers
  18 salamanders
  A stone giant zombie (Crypt:3)
  5 will-o-the-wisps
  8 orc sorcerers
  8 cyclopes
  A human zombie (Crypt:1)
  A frost giant zombie (Depths:1)
  2 worldbinders (Abyss:4)
  A centaur zombie (Crypt:3)
  3 manticores
  A naga zombie (Crypt:1)
  A fire giant skeleton (Crypt:2)
  11 guardian serpents
  32 moths of wrath
  16 elephants
  18 naga magi
  A black mamba (shapeshifter) (Lair:5)
  A rust devil (Depths:1)
  An apocalypse crab (Abyss:3)
  2 stone giant skeletons
  43 black mambas
  Joseph (D:8)
  A torpor snail (Lair:1)
  7 smoke demons
  16 vault sentinels
  3 orange demons
  2 gargoyles
  A green draconian zombie (Crypt:1)
  An unseen horror (D:12)
  A kobold demonologist (Elf:1)
  10 cane toads
  A red draconian zombie (Zot:2)
  3 efreet
  3 rime drakes
  40 yaktaurs
  7 freezing wraiths
  9 anaconda simulacra
  A grey draconian zombie (Crypt:1)
  5 guardian mummies (Crypt:3)
  8 komodo dragons
  5 golden dragon simulacra (IceCv)
  13 tengu conjurers
  2 burning bushes (Lair:4)
  9 tyrant leeches
  3 death drake zombies
  A hellwing (Depths:1)
  8 ancient zymes
  6 trolls
  3 polar bears
  A tarantella (shapeshifter) (Vaults:2)
  2 harpy zombies
  21 hornets
  23 blink frogs
  Prince Ribbit (D:8)
  A moth of wrath zombie (Crypt:1)
  2 ettin zombies
  An iron dragon simulacrum (Crypt:1)
  9 dream sheep
  14 raiju
  A death drake skeleton (Crypt:3)
  8 large abominations
  3 air elementals
  A black mamba zombie (Crypt:1)
  60 slime creatures
  15 spriggans
  24 flying skulls
  2 ynoxinuls
  3 dire elephant simulacra
  A culicivora (shapeshifter) (Vaults:2)
  A centaur simulacrum (Crypt:1)
  54 yaks
  An ice dragon skeleton (Crypt:2)
  A shadow (D:12)
  15 vampires
  7 wraiths
  A fire dragon skeleton (Crypt:2)
  5 fire elementals
  15 water elementals
  5 basilisks
  A hog (shapeshifter) (Depths:3)
  4 wyverns
  20 small abominations
  35 starcursed masses
  8 humans (D:14)
  3 neqoxecs
  6 chaos spawn
  4 hogs (Snake:3)
  A redback (Vaults:4)
  3 wargs
  Menkaure (D:5)
  15 vampire mosquitoes
  2 acid dragons
  Edmund (D:5)
  14 swamp worms
  A glowing shapeshifter zombie (Crypt:2)
  38 nagas
  A two-headed ogre skeleton (Crypt:3)
  17 water moccasins
  A floating eye (Vaults:2)
  11 hell hounds
  2 glowing shapeshifter skeletons (Depths:1)
  A meliai simulacrum (D:15)
  5 swamp drakes
  4 black bears
  41 orc warriors
  3 ice beasts (D:5)
  A hornet zombie (Crypt:3)
  A spriggan simulacrum (Swamp:3)
  A black bear (shapeshifter) (Lair:5)
  An alligator simulacrum (IceCv)
  6 ogres
  4 ettin simulacra (IceCv)
  A snapping turtle zombie (Crypt:2)
  9 boggarts
  38 wolves
  20 centaurs
  A torpor snail zombie (Crypt:1)
  3 kobold brigands
  A rime drake skeleton (Crypt:1)
  9 bullfrogs
  2 komodo dragon zombies
  2 necrophages (Crypt:3)
  A draconian skeleton (Crypt:1)
  2 gnoll sergeants
  2 scorpions
  3 earth elementals
  A polar bear zombie (Crypt:2)
  A warg zombie (Crypt:2)
  5 wights (D:6)
  20 killer bees
  A lindwurm simulacrum (IceCv)
  3 howler monkeys
  2 electric eels
  A quasit (Abyss:3)
  A wolf skeleton (Crypt:2)
  2 lava snakes (Lair:2)
  5 jellies
  4 hounds
  10 orc priests
  12 orc wizards
  3 sleepcaps
  5 iguanas
  6 hell rats (Lair:3)
  An acid dragon zombie (Crypt:2)
  7 mummies (Crypt:3)
  6 adders
  20 gnolls
  6 river rats
  4 white imps
  4 ufetubi
  An iguana zombie (Crypt:3)
  3 dart slugs
  2 worms (Sewer)
  100 orcs
  7 ball pythons
  9 bats
  7 endoplasms
  4 giant cockroaches
  12 goblins
  7 hobgoblins
  5 jackals
  5 quokkas
  8 frilled lizards
  14 kobolds
  An orc skeleton (Crypt:3)
  3 rats
  A lurking horror (Abyss:3)
  2 starspawn tentacles (Abyss:2)
2588 creatures vanquished.

Vanquished Creatures (collateral kills)
  An orb of fire (Zot:5)
  A juggernaut (Depths:4)
  Sojobo (Crypt:2)
  A Killer Klown (Zot:5)
  2 golden dragons
  4 tentacled monstrosities
  A lich (Depths:1)
  A death cob (Zot:5)
  2 sphinxes
  A revenant (Crypt:3)
  An iron dragon (Depths:3)
  A draconian stormcaller (Zot:1)
  2 ironbound thunderhulks
  A black draconian (Zot:1)
  2 yellow draconians
  A red draconian (Zot:3)
  A purple draconian (Zot:1)
  A thrashing horror (Abyss:4)
  A hell knight (Depths:3)
  2 ugly things
  A moth of wrath (Zot:3)
  An eye of devastation (shapeshifter) (Vaults:1)
  Sigmund (D:3)
  A wraith (Crypt:3)
  A floating eye (Depths:4)
  A gnoll bouda (D:4)
  A hound (D:5)
  3 gnolls
  An orc (D:5)
39 creatures vanquished.

Vanquished Creatures (others)
  Jorgrun (Elf:1)
  A caustic shrike skeleton (Depths:1)
  A black draconian (Zot:2)
  2 green draconians
  2 white draconians
  A deep elf death mage (Elf:3)
  2 hydras (Swamp:1)
  A naga sharpshooter (Snake:2)
  A deep elf knight (Elf:2)
  A deep elf zephyrmancer (Elf:3)
  An ugly thing (Depths:2)
  A bloated husk (Swamp:1)
  A spriggan (Swamp:1)
  A human (D:14)
  A black bear (D:5)
  An orc warrior (Orc:2)
  A boggart (shapeshifter) (Vaults:2)
  A jelly (D:4)
  A gnoll bouda (D:4)
  2 gnolls
  3 briar patches (Swamp:4)
  7 bushes (Elf:2)
  14 foxfires
  31 fungi
  A lurking horror (Abyss:2)
  50 plants
  4 starspawn tentacles (Abyss:4)
134 creatures vanquished.

Grand Total: 2761 creatures vanquished

Notes
Turn   | Place    | Note
-------+----------+-------------------------------------------
     0 | D:1      | FexLirch the Gnoll Artificer began the quest for the Orb.
     0 | D:1      | Reached XP level 1. HP: 17/17 MP: 1/1
   144 | D:1      | Reached XP level 2. HP: 16/23 MP: 2/2
   326 | D:1      | Found a faded altar of an unknown god.
   361 | D:1      | Prayed at the altar of an unknown god.
   361 | D:1      | Became a worshipper of Cheibriados the Contemplative
   361 | D:1      | Reached * piety under Cheibriados
   547 | D:1      | Reached XP level 3. HP: 20/28 MP: 3/3
  1088 | D:2      | Reached skill level 1 in Invocations
  1416 | D:2      | Learned a level 2 spell: Wereblood
  1548 | D:2      | Reached ** piety under Cheibriados
  1628 | D:2      | Reached skill level 1 in Short Blades
  1628 | D:2      | Reached skill level 1 in Long Blades
  1628 | D:2      | Reached skill level 1 in Axes
  1628 | D:2      | Reached skill level 1 in Maces & Flails
  1628 | D:2      | Reached skill level 1 in Polearms
  1628 | D:2      | Reached skill level 1 in Staves
  1628 | D:2      | Reached skill level 1 in Ranged Weapons
  1628 | D:2      | Reached skill level 1 in Throwing
  1628 | D:2      | Reached skill level 1 in Shields
  1628 | D:2      | Reached skill level 1 in Unarmed Combat
  1628 | D:2      | Reached skill level 1 in Spellcasting
  1642 | D:2      | Reached XP level 4. HP: 26/34 MP: 5/5
  1987 | D:3      | Noticed Sigmund
  2147 | D:3      | Reached skill level 1 in Conjurations
  2147 | D:3      | Reached skill level 1 in Hexes
  2147 | D:3      | Reached skill level 1 in Summonings
  2147 | D:3      | Reached skill level 1 in Necromancy
  2147 | D:3      | Reached skill level 1 in Translocations
  2147 | D:3      | Reached skill level 1 in Transmutations
  2147 | D:3      | Reached skill level 1 in Fire Magic
  2147 | D:3      | Reached skill level 1 in Ice Magic
  2147 | D:3      | Reached skill level 1 in Air Magic
  2147 | D:3      | Reached skill level 1 in Earth Magic
  2147 | D:3      | Reached skill level 1 in Poison Magic
  2483 | D:3      | Found a glowing silver altar of Zin.
  2755 | D:4      | Noticed a scorpion
  2760 | D:4      | Reached XP level 5. HP: 40/40 MP: 7/7
  2779 | D:3      | Reached skill level 3 in Fighting
  2871 | D:4      | Reached XP level 6. HP: 47/47 MP: 8/8
  2903 | D:4      | Reached skill level 5 in Armour
  2962 | D:4      | Learned a level 2 spell: Lesser Beckoning
  2965 | D:4      | Learned a level 2 spell: Static Discharge
  2969 | D:4      | Reached *** piety under Cheibriados
  3182 | D:4      | Found a hazy altar of Hepliaklqana.
  3239 | D:4      | Reached XP level 7. HP: 46/52 MP: 10/10
  3592 | D:5      | Entered Level 5 of the Dungeon
  3676 | D:5      | Reached skill level 4 in Fighting
  3676 | D:5      | Reached XP level 8. HP: 60/60 MP: 12/12
  3827 | D:5      | Found Gozag's Platinum Reserve.
  3846 | D:5      | Found an opulent altar of Gozag.
  3862 | D:5      | Noticed Menkaure
  3884 | D:5      | Noticed Edmund
  3900 | D:5      | Killed Edmund
  3914 | D:5      | Found a snail-covered altar of Cheibriados.
  3914 | D:5      | Found a white marble altar of Elyvilon.
  3968 | D:5      | Identified the +9 flail of Chagrin {elec, Str+2}
  3974 | D:5      | Reached **** piety under Cheibriados
  4132 | D:5      | Killed Menkaure
  4458 | D:6      | Reached XP level 9. HP: 63/66 MP: 14/14
  4499 | D:6      | Reached skill level 5 in Fighting
  4499 | D:6      | Reached skill level 5 in Dodging
  4517 | D:6      | Reached skill level 5 in Stealth
  4608 | D:6      | Found a glowing drain.
  4612 | Sewer    | Entered a sewer
  4667 | Sewer    | Reached ***** piety under Cheibriados
  4931 | Sewer    | Reached skill level 5 in Invocations
  5234 | D:6      | Learned a level 3 spell: Stone Arrow
  5238 | D:6      | Learned a level 3 spell: Teleport Other
  5242 | D:6      | Learned a level 3 spell: Vhi's Electric Charge
  5417 | D:6      | Found a staircase to the Ecumenical Temple.
  5753 | D:7      | Reached skill level 5 in Short Blades
  5753 | D:7      | Reached skill level 5 in Long Blades
  5753 | D:7      | Reached skill level 5 in Axes
  5753 | D:7      | Reached skill level 5 in Maces & Flails
  5753 | D:7      | Reached skill level 5 in Polearms
  5753 | D:7      | Reached skill level 5 in Staves
  5753 | D:7      | Reached skill level 5 in Ranged Weapons
  5753 | D:7      | Reached skill level 5 in Throwing
  5753 | D:7      | Reached skill level 5 in Shields
  5753 | D:7      | Reached skill level 5 in Unarmed Combat
  5753 | D:7      | Reached skill level 5 in Spellcasting
  5753 | D:7      | Reached XP level 10. HP: 65/76 MP: 6/17
  5761 | D:7      | Identified the +0 robe "Nozxeamo" {rC- Dex+3 Archmagi}
  6318 | D:7      | Noticed a cyclops
  6334 | D:7      | Killed a cyclops
  6373 | D:7      | Reached skill level 6 in Fighting
  6689 | D:7      | Learned a level 3 spell: Frozen Ramparts
  6702 | D:8      | Noticed Prince Ribbit
  6705 | D:8      | Killed Prince Ribbit
  6751 | D:8      | Noticed Pikel
  6760 | D:8      | Killed Pikel
  6762 | D:8      | Reached ****** piety under Cheibriados
  6963 | D:8      | Noticed a two-headed ogre
  6969 | D:8      | Killed a two-headed ogre
  7164 | D:8      | Found a staircase to the Lair.
  7174 | D:8      | You fall into a shaft and drop 3 floors!
  7177 | D:10     | Entered Level 10 of the Dungeon
  7403 | D:9      | Reached skill level 5 in Conjurations
  7403 | D:9      | Reached skill level 5 in Hexes
  7403 | D:9      | Reached skill level 5 in Summonings
  7403 | D:9      | Reached skill level 5 in Necromancy
  7403 | D:9      | Reached skill level 5 in Translocations
  7403 | D:9      | Reached skill level 5 in Transmutations
  7403 | D:9      | Reached skill level 5 in Fire Magic
  7403 | D:9      | Reached skill level 5 in Ice Magic
  7403 | D:9      | Reached skill level 5 in Air Magic
  7403 | D:9      | Reached skill level 5 in Earth Magic
  7403 | D:9      | Reached skill level 5 in Poison Magic
  7403 | D:9      | Reached XP level 11. HP: 83/83 MP: 13/20
  7406 | D:9      | Noticed a manticore
  7411 | D:9      | Killed a manticore
  7543 | D:9      | Found a flagged portal.
  7553 | Bailey   | Entered a bailey
  7816 | Bailey   | Reached skill level 7 in Fighting
  8905 | D:8      | Found an ornate altar of the Wu Jian Council.
  8952 | D:8      | Noticed Joseph
  8964 | D:8      | Killed Joseph
  9289 | D:10     | Found a staircase to the Orcish Mines.
  9403 | D:10     | Noticed a two-headed ogre
  9411 | D:10     | Killed a two-headed ogre
  9412 | D:10     | Noticed a two-headed ogre
  9418 | D:10     | Killed a two-headed ogre
  9545 | D:10     | Found a basalt altar of Yredelemnul.
  9607 | D:10     | Noticed a two-headed ogre
  9615 | D:10     | Killed a two-headed ogre
  9616 | D:10     | Reached skill level 8 in Fighting
  9659 | D:10     | Reached XP level 12. HP: 89/92 MP: 22/22
  9741 | D:10     | Found a shimmering blue altar of Sif Muna.
  9848 | D:11     | Learned a level 1 spell: Apportation
  9913 | D:11     | Found Vomengai's Antique Armour Shop.
  9913 | D:11     | Found Hulura's Antique Armour Shop.
  9915 | D:11     | Found Zibigicw's General Store.
  9915 | D:11     | Found Uxurcheb's Armour Shop.
  9945 | D:11     | Bought a pair of runed gloves for 172 gold pieces
  9945 | D:11     | Bought a spiked helmet for 218 gold pieces
  9945 | D:11     | Identified the +1 helmet "Osefad" {rF+ rN+++ Str-3 Int-5}
                  | (You bought it in a shop on level 11 of the Dungeon)
  9966 | D:11     | Bought a scroll of enchant armour for 105 gold pieces
 10386 | D:11     | Reached skill level 10 in Evocations
 10435 | D:11     | Found a portal to a secret trove of treasure.
 10555 | D:11     | Identified the +2 robe of Hadjma {Dex+7}
 10636 | D:11     | Noticed a boulder beetle
 10643 | D:11     | Killed a boulder beetle
 10863 | D:12     | Noticed a two-headed ogre
 10868 | D:12     | Killed a two-headed ogre
 10936 | D:12     | Reached skill level 9 in Fighting
 11298 | D:12     | Found a shadowy altar of Dithmenos.
 11341 | D:12     | Noticed Frances
 11352 | D:12     | Killed Frances
 11796 | D:12     | Reached XP level 13. HP: 103/103 MP: 22/25
 12024 | D:13     | Reached skill level 10 in Fighting
 12388 | Lair:1   | Entered Level 1 of the Lair of Beasts
 13411 | Lair:2   | Learned a level 4 spell: Dispel Undead
 13417 | Lair:2   | Learned a level 5 spell: Arcjolt
 13527 | Lair:2   | Reached skill level 10 in Armour
 13724 | Lair:2   | Reached skill level 11 in Fighting
 14191 | Lair:2   | Found a staircase to the Snake Pit.
 14386 | Lair:2   | Found a staircase to the Swamp.
 14488 | Lair:3   | Reached XP level 14. HP: 99/113 MP: 18/27
 14489 | Lair:3   | Reached skill level 10 in Invocations
 15438 | Lair:4   | Learned a level 3 spell: Ozocubu's Armour
 15600 | Lair:4   | Noticed Sonja
 15621 | Lair:4   | Killed Sonja
 15641 | Lair:4   | Reached skill level 12 in Fighting
 15791 | Lair:4   | Found a staircase to the Slime Pits.
 15969 | Lair:4   | Reached skill level 10 in Dodging
 16483 | Lair:4   | Learned a level 4 spell: Passage of Golubria
 16484 | Lair:5   | Entered Level 5 of the Lair of Beasts
 16497 | Lair:5   | Reached skill level 10 in Stealth
 16580 | Slime:1  | Entered Level 1 of the Pits of Slime
 16580 | Slime:1  | Noticed an azure jelly
 16876 | D:11     | Bought a pair of embroidered gloves for 172 gold pieces
 17084 | Lair:5   | Reached skill level 10 in Short Blades
 17084 | Lair:5   | Reached skill level 10 in Long Blades
 17084 | Lair:5   | Reached skill level 10 in Axes
 17084 | Lair:5   | Reached skill level 10 in Maces & Flails
 17084 | Lair:5   | Reached skill level 10 in Polearms
 17084 | Lair:5   | Reached skill level 10 in Staves
 17084 | Lair:5   | Reached skill level 10 in Ranged Weapons
 17084 | Lair:5   | Reached skill level 10 in Throwing
 17084 | Lair:5   | Reached skill level 10 in Shields
 17084 | Lair:5   | Reached skill level 10 in Unarmed Combat
 17084 | Lair:5   | Reached skill level 10 in Spellcasting
 17144 | Lair:5   | Reached XP level 15. HP: 122/122 MP: 8/29
 17336 | Lair:5   | Identified a scroll of acquirement
 17338 | Lair:5   | Acquired 666 gold pieces
 17699 | Lair:5   | Reached skill level 13 in Fighting
 17950 | Lair:5   | Found a corrupted altar of Lugonu.
 17950 | Lair:5   | Found a one-way gate to the infinite horrors of the Abyss.
 18253 | Orc:1    | Entered Level 1 of the Orcish Mines
 18646 | Orc:2    | Entered Level 2 of the Orcish Mines
 18823 | Orc:2    | Found Qaothur's Book Boutique.
 18851 | Orc:2    | Bought a book of Sloth for 396 gold pieces
 18856 | Orc:2    | Found Epuezeth's General Store.
 18856 | Orc:2    | Noticed an orc warlord
 18899 | Orc:2    | Killed an orc warlord
 18922 | Orc:2    | Bought a scroll of identify for 26 gold pieces
 18922 | Orc:2    | Bought a scroll of identify for 26 gold pieces
 18922 | Orc:2    | Bought a potion of cancellation for 104 gold pieces
 18982 | Orc:2    | Found Gumugema's Antique Armour Boutique.
 19177 | Orc:2    | Found a staircase to the Elven Halls.
 19198 | Orc:2    | Found Ycucw's Antique Weapon Shop.
 19436 | Orc:2    | Bought a scorched ring mail for 225 gold pieces
 19436 | Orc:2    | Identified the +5 ring mail of Vyqimo {rElec Will+ Int+3}
                  | (You bought it in a shop on level 2 of the Orcish Mines)
 19490 | Orc:2    | Bought a masterwork broad axe for 324 gold pieces
 19490 | Orc:2    | Identified the +11 broad axe of Eternal Vigilance {heavy,
                  | Will+ Str+2} (You bought it in a shop on level 2 of the
                  | Orcish Mines)
 19964 | Swamp:1  | Entered Level 1 of the Swamp
 20053 | Swamp:1  | Reached skill level 14 in Fighting
 20067 | Swamp:1  | Reached XP level 16. HP: 133/133 MP: 30/30
 20243 | Swamp:1  | Learned a level 6 spell: Statue Form
 21501 | Swamp:3  | Noticed a fenstrider witch
 21506 | Swamp:3  | Killed a fenstrider witch
 21582 | Swamp:3  | Noticed a thorn hunter
 21601 | Swamp:3  | Killed a thorn hunter
 21927 | Swamp:3  | Noticed a fenstrider witch
 21942 | Swamp:3  | Killed a fenstrider witch
 22025 | Swamp:3  | Reached skill level 15 in Fighting
 22151 | Swamp:3  | Noticed a fenstrider witch
 22156 | Swamp:3  | Killed a fenstrider witch
 22268 | Swamp:4  | Entered Level 4 of the Swamp
 22395 | Swamp:4  | Reached XP level 17. HP: 142/142 MP: 32/32
 22549 | Swamp:4  | Reached skill level 10 in Conjurations
 22549 | Swamp:4  | Reached skill level 10 in Hexes
 22549 | Swamp:4  | Reached skill level 10 in Summonings
 22549 | Swamp:4  | Reached skill level 10 in Necromancy
 22549 | Swamp:4  | Reached skill level 10 in Translocations
 22549 | Swamp:4  | Reached skill level 10 in Transmutations
 22549 | Swamp:4  | Reached skill level 10 in Fire Magic
 22549 | Swamp:4  | Reached skill level 10 in Ice Magic
 22549 | Swamp:4  | Reached skill level 10 in Air Magic
 22549 | Swamp:4  | Reached skill level 10 in Earth Magic
 22549 | Swamp:4  | Reached skill level 10 in Poison Magic
 22550 | Swamp:4  | Noticed a tentacled monstrosity
 22571 | Swamp:4  | Killed a tentacled monstrosity
 22686 | Swamp:4  | Identified the +1 ring mail of Forking Paths {Stlth+}
 22959 | Swamp:4  | Noticed a tentacled monstrosity
 23056 | Swamp:4  | Paralysed by a fenstrider witch for 3 turns
 23081 | Swamp:4  | Killed a tentacled monstrosity
 23082 | Swamp:4  | Noticed a tentacled monstrosity
 23086 | Swamp:4  | Killed a tentacled monstrosity
 23102 | Swamp:4  | Noticed a tentacled monstrosity
 23107 | Swamp:4  | Killed a tentacled monstrosity
 23113 | Swamp:4  | Got a decaying rune of Zot
 23176 | Swamp:4  | Reached skill level 16 in Fighting
 23324 | Snake:1  | Entered Level 1 of the Snake Pit
 23352 | Snake:1  | Noticed Vomnuq's ghost (journeyman DsGl)
 23398 | Snake:1  | Identified the +6 tower shield of Watchfulness {Dex+6}
 23398 | Snake:1  | Noticed Louise
 23412 | Abyss:2  | Cast into level 2 of the Abyss (Louise)
 23438 | Snake:1  | Escaped the Abyss
 23443 | Snake:1  | Killed Louise
 23476 | Snake:1  | Learned a level 5 spell: Yara's Violent Unravelling
 23701 | Snake:1  | Found a runed translucent gate.
 23702 | Snake:1  | Found a runed translucent gate.
 23702 | Snake:1  | Found a runed translucent gate.
 24028 | Snake:1  | Reached XP level 18. HP: 151/151 MP: 24/34
 24087 | Snake:1  | Found Vetytzue's Antique Weapon Shop.
 24689 | Snake:1  | Killed Vomnuq's ghost
 24702 | Snake:1  | Got Sif Muna's Disquisition on the Union and Mortification
 24804 | Snake:2  | Noticed Aizul
 24810 | Snake:2  | Killed Aizul
 24942 | Snake:2  | Identified the +1 leather armour of Huyxetu {+Inv rC+ Str+2
                  | Dex+2}
 25045 | Snake:2  | Noticed Vashnia
 25072 | Snake:2  | Killed Vashnia
 25679 | Snake:3  | Found Nenerem's Weapon Emporium.
 25713 | Snake:4  | Entered Level 4 of the Snake Pit
 25785 | Snake:4  | Reached skill level 17 in Fighting
 25848 | Snake:4  | Found a frozen archway.
 25865 | Snake:4  | Learned a level 5 spell: Silence
 25886 | IceCv    | Entered an ice cave
 26380 | Snake:3  | Noticed Agnes
 26401 | Snake:3  | Killed Agnes
 26402 | Snake:3  | Reached XP level 19. HP: 161/161 MP: 36/36
 26468 | Snake:3  | Noticed Kirke
 26474 | Snake:3  | Killed Kirke
 26520 | Snake:3  | Found a runed translucent gate.
 26520 | Snake:3  | Found a runed translucent gate.
 26520 | Snake:3  | Found a runed translucent gate.
 26521 | Snake:3  | Noticed luigi's ghost (adept DrTm)
 26535 | Snake:3  | Killed luigi's ghost
 27827 | Snake:4  | Got a serpentine rune of Zot
 28167 | D:13     | Reached skill level 15 in Evocations
 28540 | D:13     | Reached skill level 18 in Fighting
 28709 | D:14     | Found a white marble altar of Elyvilon.
 29362 | D:14     | Reached skill level 15 in Invocations
 29366 | D:14     | Found a gate to the Vaults.
 29378 | D:14     | Identified the +0 plate armour "Sianwu" {Str+3}
 29427 | D:15     | Entered Level 15 of the Dungeon
 29651 | D:15     | Reached XP level 20. HP: 172/172 MP: 31/37
 29767 | D:15     | Found a staircase to the Depths.
 30492 | Elf:1    | Entered Level 1 of the Elven Halls
 30528 | Elf:1    | Noticed Jorgrun
 30536 | Elf:1    | Killed Jorgrun
 30707 | Elf:1    | Noticed Azrael
 30715 | Elf:1    | Killed Azrael
 30936 | Elf:1    | Paralysed by an air elemental for 1 turns
 31567 | Elf:2    | Reached skill level 15 in Armour
 31636 | Elf:2    | Found a runed translucent gate.
 31637 | Elf:2    | Found a runed translucent gate.
 31637 | Elf:2    | Found a runed translucent gate.
 31664 | Elf:2    | Reached skill level 19 in Fighting
 32873 | Elf:2    | Reached XP level 21. HP: 180/180 MP: 31/39
 32884 | Elf:3    | Entered Level 3 of the Elven Halls
 32978 | Elf:3    | Found Quogocw's Jewellery Emporium.
 33550 | Elf:3    | Reached skill level 15 in Dodging
 33550 | Elf:3    | Reached skill level 15 in Stealth
 33844 | Elf:3    | Got Qurheat's Lessons on Fiery Combat Magic
 33876 | Elf:3    | Identified the +4 scimitar of Xaneuxte {freeze, *Corrode
                  | rElec Dex+5}
 33946 | Elf:3    | Reached skill level 15 in Short Blades
 33946 | Elf:3    | Reached skill level 15 in Long Blades
 33946 | Elf:3    | Reached skill level 15 in Axes
 33946 | Elf:3    | Reached skill level 15 in Maces & Flails
 33946 | Elf:3    | Reached skill level 15 in Polearms
 33946 | Elf:3    | Reached skill level 15 in Staves
 33946 | Elf:3    | Reached skill level 15 in Ranged Weapons
 33946 | Elf:3    | Reached skill level 15 in Throwing
 33946 | Elf:3    | Reached skill level 15 in Shields
 33946 | Elf:3    | Reached skill level 15 in Unarmed Combat
 33946 | Elf:3    | Reached skill level 15 in Spellcasting
 33946 | Elf:3    | Identified the +10 demon trident "Qikhlom" {vamp, rF+ Str+3
                  | Int-2}
 34014 | Elf:3    | Found the +2 cloak of the Thief {*Fog Slay-2 SInv Stlth+}
 34030 | Elf:3    | Identified the +0 scimitar "Eviscerator" {freeze, Fragile
                  | rElec rCorr}
 34049 | Elf:3    | Learned a level 4 spell: Manifold Assault
 34056 | Elf:3    | Learned a level 6 spell: Dispersal
 34062 | Elf:3    | Identified the +1 bardiche of Adeba {drain, Will+ Dex+3}
 34093 | Elf:3    | Learned a level 7 spell: Haunt
 34930 | Vaults:1 | Entered Level 1 of the Vaults
 35413 | Vaults:1 | Reached skill level 20 in Fighting
 35680 | Vaults:1 | Found Lariorch's Armour Boutique.
 35898 | Vaults:1 | Reached XP level 22. HP: 159/190 MP: 41/41
 36908 | Vaults:1 | Found Zyhirop's Jewellery Shoppe.
 36937 | Vaults:1 | Identified the +1 dagger of Autumn {flame, rElec}
 38294 | Vaults:2 | Noticed Mara
 38308 | Vaults:2 | Noticed FexLirch's illusion
 38309 | Vaults:2 | Killed Mara
 38374 | Vaults:2 | Noticed a dread lich
 38386 | Vaults:2 | Killed a dread lich
 38555 | Vaults:2 | Reached skill level 21 in Fighting
 38880 | Vaults:2 | Noticed Zenata
 38889 | Vaults:2 | Killed Zenata
 39398 | Vaults:3 | Reached XP level 23. HP: 200/200 MP: 39/42
 39427 | Vaults:3 | You fall into a shaft and drop 1 floor!
 40862 | Vaults:3 | Found a staircase to the Crypt.
 42080 | Vaults:5 | Entered Level 5 of the Vaults
 42151 | Crypt:1  | Entered Level 1 of the Crypt
 42214 | Crypt:1  | Reached skill level 22 in Fighting
 42263 | Crypt:1  | Reached XP level 24. HP: 185/210 MP: 43/43
 42761 | Crypt:2  | Noticed Donald
 42766 | Crypt:2  | Killed Donald
 42775 | Crypt:2  | Noticed Sojobo
 42785 | Crypt:2  | Killed Sojobo
 42787 | Crypt:2  | Killed the ghostly Sojobo
 43644 | Crypt:3  | Entered Level 3 of the Crypt
 44583 | Crypt:3  | Identified the ring of Symmetry {+Blink rPois rF- Int+2}
 44643 | Crypt:3  | Identified the +11 double sword of Red Wine {pain, Dex+6}
 44829 | Crypt:3  | Noticed Jory
 44839 | Crypt:3  | Killed Jory
 45097 | Crypt:3  | Reached XP level 25. HP: 213/219 MP: 35/44
 45118 | Crypt:2  | Found a shimmering altar of Xom.
 45202 | Crypt:3  | Found a staircase to the Tomb.
 45334 | Crypt:3  | Identified the ring "Tiethral" {rElec rC+ rN+ Str+3 Int+2}
 45334 | Crypt:3  | Identified the ring "Hoiqyqy" {rN+ Int+2}
 45338 | Crypt:3  | Identified the +3 quarterstaff of Meaciluz {heavy, rF++
                  | rCorr SInv Stlth+}
 45372 | Crypt:3  | Learned a level 8 spell: Ignition
 45688 | Depths:1 | Entered Level 1 of the Depths
 45701 | Depths:1 | Reached skill level 23 in Fighting
 45874 | Depths:1 | Found an iron altar of Okawaru.
 45964 | Depths:1 | Found a one-way gateway to a ziggurat.
 46316 | Depths:1 | Found a one-way gate leading to the halls of Pandemonium.
 46532 | Depths:1 | Found a gateway to Hell.
 46580 | Depths:2 | Noticed Bai Suzhen
 46588 | Depths:2 | Killed Bai Suzhen
 46589 | Depths:2 | You fall into a shaft and drop 1 floor!
 46636 | Depths:2 | Noticed Saint Roka
 46643 | Depths:2 | Killed Saint Roka
 46693 | Depths:2 | Found a glowing golden altar of the Shining One.
 46743 | Depths:2 | Reached skill level 15 in Conjurations
 46743 | Depths:2 | Reached skill level 15 in Hexes
 46743 | Depths:2 | Reached skill level 15 in Summonings
 46743 | Depths:2 | Reached skill level 15 in Necromancy
 46743 | Depths:2 | Reached skill level 15 in Translocations
 46743 | Depths:2 | Reached skill level 15 in Transmutations
 46743 | Depths:2 | Reached skill level 15 in Fire Magic
 46743 | Depths:2 | Reached skill level 15 in Ice Magic
 46743 | Depths:2 | Reached skill level 15 in Air Magic
 46743 | Depths:2 | Reached skill level 15 in Earth Magic
 46743 | Depths:2 | Reached skill level 15 in Poison Magic
 46761 | Depths:2 | Identified the +4 demon whip of Pyromania {freeze, rN+
                  | Will- Int+7}
 46806 | Depths:2 | Found a flickering gateway to a bazaar.
 46825 | Bazaar   | Entered a bazaar
 46832 | Bazaar   | Found Xicomiun's General Store.
 46858 | Bazaar   | Found Xiuhiq's Assorted Antiques.
 46872 | Bazaar   | Found Omoas's Antique Weapon Boutique.
 46912 | Bazaar   | Found Olleil's Armour Shop.
 46996 | Bazaar   | Bought a faintly humming ring mail for 198 gold pieces
 46996 | Bazaar   | Identified the +3 ring mail "Hicotton" {rElec rF+} (You
                  | bought it in a shop in a bazaar)
 47021 | Bazaar   | Bought a potion of curing for 33 gold pieces
 47021 | Bazaar   | Bought a wand of iceblast (4) for 105 gold pieces
 47312 | Depths:2 | Found Ybruchiz's Magic Scroll Shop.
 47321 | Depths:2 | Bought a scroll of acquirement for 780 gold pieces
 47321 | Depths:2 | Acquired the +0 pair of gloves of Eloku {rF+ Str+3 Int+2}
 47646 | Depths:2 | Got the Incunabulum of the Maleficium
 47692 | Depths:2 | Got the Papyrus of the Jinx and the Coward
 47704 | Depths:2 | Found a shimmering blue altar of Sif Muna.
 47775 | Depths:2 | Noticed an ancient lich
 47777 | Depths:2 | Noticed a dread lich
 47782 | Depths:2 | Killed an ancient lich
 47787 | Depths:2 | Killed a dread lich
 47809 | Depths:2 | Got Ragreuhy's Textbook on the Metallic Salvo
 47984 | Depths:3 | Found Lezuet's Magic Scroll Boutique.
 47995 | Depths:3 | Bought a scroll of blinking for 135 gold pieces
 48132 | Depths:3 | Identified the +11 dagger of Evisceration {heavy, Dex+3}
 48731 | Depths:3 | Reached XP level 26. HP: 230/230 MP: 10/44
 48732 | Depths:3 | Noticed Margery
 48742 | Depths:3 | Killed Margery
 49006 | Depths:3 | Noticed a juggernaut
 49006 | Depths:3 | Noticed a juggernaut
 49013 | Depths:3 | Killed a juggernaut
 49019 | Depths:3 | Killed a juggernaut
 49501 | Depths:4 | Entered Level 4 of the Depths
 49791 | Depths:4 | Noticed a juggernaut
 49796 | Depths:4 | Killed a juggernaut
 49796 | Depths:4 | Paralysed by a floating eye for 4 turns
 49800 | Depths:4 | Paralysed by a floating eye for 4 turns
 49964 | Depths:4 | Upgraded the game from 0.30-a0-881-g1ff12e1e11 to
                  | 0.30-a0-883-g5ad918d77d
 50112 | Depths:4 | Identified the +5 dagger of Diet Blood {holy, Fly rC+}
 50181 | Depths:4 | Reached skill level 24 in Fighting
 50189 | Depths:4 | Noticed Frederick
 50192 | Depths:4 | Noticed a juggernaut
 50194 | Depths:4 | Killed Frederick
 50200 | Depths:4 | Killed a juggernaut
 50353 | Depths:4 | Noticed Parghit
 50420 | Depths:4 | Found a gate to the Realm of Zot.
 50555 | Depths:4 | Killed Parghit
 50934 | Vaults:1 | Bought a ring of resist corrosion for 380 gold pieces
 51217 | Depths:3 | Voluntarily entered the Abyss.
 51452 | Abyss:2  | Found an iron altar of Okawaru.
 51520 | Abyss:2  | Found a corrupted altar of Lugonu.
 51636 | Abyss:2  | Found a corrupted altar of Lugonu.
 51641 | Abyss:2  | Found a corrupted altar of Lugonu.
 51641 | Abyss:2  | Found a corrupted altar of Lugonu.
 52145 | Abyss:4  | Noticed a juggernaut
 52152 | Abyss:4  | Killed a juggernaut
 52234 | Abyss:4  | Found a corrupted altar of Lugonu.
 52234 | Abyss:4  | Found a corrupted altar of Lugonu.
 52251 | Abyss:4  | Reached XP level 27. HP: 183/238 MP: 8/45
 52268 | Abyss:4  | Got an abyssal rune of Zot
 52270 | Depths:3 | Escaped the Abyss
 52598 | Vaults:1 | Identified the +1 leather armour of Resonance {rC+}
 52615 | Vaults:1 | Learned a level 8 spell: Borgnjor's Revivification
 52880 | Zot:1    | Entered Level 1 of the Realm of Zot
 54201 | Zot:1    | Noticed Grunn
 54219 | Zot:1    | Killed Grunn
 54257 | Zot:1    | Noticed Vv
 54274 | Zot:1    | Killed Vv
 54798 | Zot:2    | Identified the +5 leather armour "Acsiqaom" {Str+3}
 55124 | Zot:2    | You fall into a shaft and drop 1 floor!
 56999 | Zot:5    | Entered Level 5 of the Realm of Zot
 57354 | Zot:5    | Identified the +1 robe of the Great Game {rElec rF++ rN+
                  | Dex-5}
 57452 | Zot:5    | Learned a level 2 spell: Sublimation of Blood
 57456 | Zot:5    | Learned a level 3 spell: Portal Projectile
 57583 | Zot:5    | Noticed an orb of fire
 57583 | Zot:5    | Gained mutation: You occasionally lose the ability to read
                  | scrolls when taking damage. [an orb of fire]
 57591 | Zot:5    | Gained mutation: You occasionally lose the ability to drink
                  | potions when taking damage. [an orb of fire]
 57592 | Zot:5    | Gained mutation: You sometimes lose your temper in combat.
                  | [an orb of fire]
 57592 | Zot:5    | Killed an orb of fire
 57604 | Zot:5    | Lost mutation: You occasionally lose the ability to drink
                  | potions when taking damage. [potion of mutation]
 57604 | Zot:5    | Lost mutation: You occasionally lose the ability to read
                  | scrolls when taking damage. [potion of mutation]
 57604 | Zot:5    | Lost mutation: You sometimes lose your temper in combat.
                  | [potion of mutation]
 57604 | Zot:5    | Gained mutation: You are partially covered in iridescent
                  | scales. (AC +2) [potion of mutation]
 57604 | Zot:5    | Gained mutation: You have a pair of small horns on your
                  | head. [potion of mutation]
 57604 | Zot:5    | Gained mutation: You are covered in fur. (AC +1) [potion of
                  | mutation]
 57605 | Zot:5    | Lost mutation: You are covered in fur. (AC +1) [potion of
                  | mutation]
 57605 | Zot:5    | Lost mutation: You are partially covered in iridescent
                  | scales. (AC +2) [potion of mutation]
 57605 | Zot:5    | Gained mutation: You are somewhat resistant to further
                  | mutation. [potion of mutation]
 57605 | Zot:5    | Gained mutation: You are frail. (-10% HP) [potion of
                  | mutation]
 57606 | Zot:5    | Lost mutation: You have a pair of small horns on your head.
                  | [potion of mutation]
 57606 | Zot:5    | Lost mutation: You are somewhat resistant to further
                  | mutation. [potion of mutation]
 57606 | Zot:5    | Lost mutation: You are frail. (-10% HP) [potion of
                  | mutation]
 57606 | Zot:5    | Gained mutation: You have a pair of small horns on your
                  | head. [potion of mutation]
 57606 | Zot:5    | Gained mutation: You have a pair of horns on your head.
                  | [potion of mutation]
 57607 | Zot:5    | Lost mutation: You have a pair of horns on your head.
                  | [potion of mutation]
 57607 | Zot:5    | Lost mutation: You have a pair of small horns on your head.
                  | [potion of mutation]
 57607 | Zot:5    | Gained mutation: You are weak. (Str -2) [potion of
                  | mutation]
 57607 | Zot:5    | Gained mutation: You have supernaturally acute eyesight.
                  | (SInv) [potion of mutation]
 57697 | Zot:5    | Noticed an orb of fire
 57702 | Zot:5    | Noticed an orb of fire
 57704 | Zot:5    | Gained mutation: You are resistant to electric shocks.
                  | (rElec) [an orb of fire]
 57704 | Zot:5    | Noticed a dread lich
 57707 | Zot:5    | Killed an orb of fire
 57711 | Zot:5    | Killed an orb of fire
 57712 | Zot:5    | Killed a dread lich
 57718 | Zot:5    | Reached skill level 25 in Fighting
 57719 | Zot:5    | Noticed a dread lich
 57720 | Zot:5    | Noticed an orb of fire
 57724 | Zot:5    | Killed a dread lich
 57726 | Zot:5    | Gained mutation: You occasionally lose the ability to read
                  | scrolls when taking damage. [an orb of fire]
 57729 | Zot:5    | Noticed a dread lich
 57731 | Zot:5    | Killed a dread lich
 57733 | Zot:5    | Killed an orb of fire
 58100 | Zot:5    | Lost mutation: You are weak. (Str -2) [potion of mutation]
 58100 | Zot:5    | Lost mutation: You have supernaturally acute eyesight.
                  | (SInv) [potion of mutation]
 58100 | Zot:5    | Gained mutation: You have sharp fingernails. [potion of
                  | mutation]
 58100 | Zot:5    | Gained mutation: You passively map a small area around you.
                  | [potion of mutation]
 58100 | Zot:5    | Gained mutation: You are partially covered in iridescent
                  | scales. (AC +2) [potion of mutation]
 58101 | Zot:5    | Lost mutation: You passively map a small area around you.
                  | [potion of mutation]
 58101 | Zot:5    | Lost mutation: You are resistant to electric shocks.
                  | (rElec) [potion of mutation]
 58101 | Zot:5    | Gained mutation: You are vulnerable to heat. (rF-) [potion
                  | of mutation]
 58102 | Zot:5    | Lost mutation: You have sharp fingernails. [potion of
                  | mutation]
 58102 | Zot:5    | Lost mutation: You occasionally lose the ability to read
                  | scrolls when taking damage. [potion of mutation]
 58102 | Zot:5    | Lost mutation: You are partially covered in iridescent
                  | scales. (AC +2) [potion of mutation]
 58102 | Zot:5    | Gained mutation: You are weak. (Str -2) [potion of
                  | mutation]
 58102 | Zot:5    | Gained mutation: You occasionally lose the ability to drink
                  | potions when taking damage. [potion of mutation]
 58102 | Zot:5    | Gained mutation: You are partially covered in large bone
                  | plates. (SH +4) [potion of mutation]
 58102 | Zot:5    | Gained mutation: You have a pair of small horns on your
                  | head. [potion of mutation]
 58103 | Zot:5    | Lost mutation: You are vulnerable to heat. (rF-) [potion of
                  | mutation]
 58103 | Zot:5    | Lost mutation: You occasionally lose the ability to drink
                  | potions when taking damage. [potion of mutation]
 58103 | Zot:5    | Lost mutation: You have a pair of small horns on your head.
                  | [potion of mutation]
 58103 | Zot:5    | Gained mutation: You are covered in fur. (AC +1) [potion of
                  | mutation]
 58103 | Zot:5    | Gained mutation: You are dopey. (Int -2) [potion of
                  | mutation]
 58103 | Zot:5    | Gained mutation: You occasionally lose the ability to drink
                  | potions when taking damage. [potion of mutation]
 58207 | Zot:5    | Noticed an orb of fire
 58211 | Zot:5    | Gained mutation: You sometimes lose the ability to drink
                  | potions when taking damage. [an orb of fire]
 58215 | Zot:5    | Killed an orb of fire
 58215 | Zot:5    | Noticed an orb of fire
 58219 | Zot:5    | Noticed a dread lich
 58224 | Zot:5    | Gained mutation: Your magical capacity is low. (-10% MP)
                  | [an orb of fire]
 58324 | Zot:5    | Gained mutation: You are very dopey. (Int -4) [an orb of
                  | fire]
 58325 | Zot:5    | Gained mutation: You are very weak. (Str -4) [an orb of
                  | fire]
 58325 | Zot:5    | Gained mutation: Your magical capacity is very low. (-20%
                  | MP) [an orb of fire]
 58331 | Zot:5    | Gained mutation: You have a pair of small horns on your
                  | head. [an orb of fire]
 58332 | Zot:5    | Gained mutation: You are frail. (-10% HP) [an orb of fire]
 58333 | Zot:5    | Killed an orb of fire
 58414 | Zot:5    | Killed a dread lich
 58802 | Zot:5    | Got the Orb of Zot
 58810 | Zot:5    | Learned a level 2 spell: Passwall
 59116 | D:13     | Noticed Volifeuf the pandemonium lord
 59329 | D:3      | Killed Sigmund
 59379 | D:$      | Escaped with the Orb!

Illustrated notes

Levels and vault maps discovered:
D:1:      minmay_arrival_pointy, layout_basic,
          shapermc_ecumenical_altar_mp_urbaneastern
D:2:      layout_loops_cross
D:3:      layout_loops_corners, zin_treasury, uniq_sigmund
D:4:      layout_basic, mainiacjoe_overflow_brackets
D:5:      layout_cave_pools, nicolae_gozag_zags_fifth_avenue,
          gammafunk_temple_overflow_wave, uniq_menkaure, uniq_edmund
D:6:      layout_gridville, temple_statues, gup_sewer_entry_bowl, minivault_4
D:7:      layout_loops_ring, minmay_misc_feat_diagonals, grunt_potential
D:8:      layout_rooms, nicolae_wu_jian_immortal_techniques, lair_entry_dummy,
          uniq_prince_ribbit1, uniq_joseph, uniq_pikel
D:9:      layout_stronghold, enter_bailey_4
D:10:     layout_irregular_city, general_overflow_altar,
          nicolae_sif_muna_little_library, david_orc_5
D:11:     layout_loops_ring, enter_trove_1, minmay_shop_grid_forest
D:12:     layout_gridville, grunt_dithmenos_shadows, uniq_frances
D:13:     layout_basic
D:14:     layout_gridville, ximxim_vaults_locker_room, elyvilon_altar_3
D:15:     grunt_enter_depths_hoard, layout_loops_ring, serial_park_square3
          [serial_park_minivault_5x5_3], chequers_avenue,
          hangedman_abyss_or_decor_stagger
Lair:1:   layout_cave_pods, enter_volcano_3, chequers_serial_rivers_small_b
Lair:2:   layout_regular_city, nicolae_swamp_entry_splash_gauntlet,
          nicolae_snake_entry_warm_welcome, infiniplex_staircase_pool_2,
          lemuel_fruit_tree
Lair:3:   layout_gridlike
Lair:4:   beast_lair_carwin_large_1, layout_regular_city, slime_entry_1,
          evilmike_ambush [evilmike_ambush_outer_doors,
          evilmike_ambush_inner_basic], uniq_sonja
Lair:5:   hellmonk_lair_end_abyssal_woods, layout_long_grid
Swamp:1:  layout_basic_swamp, evilmike_swamp_ruin_house_3, swamp_pool3,
          infiniplex_staircase_pool
Swamp:2:  layout_basic_swamp, evilmike_swamp_ruin_house_6, swamp_pool5,
          nicolae_swamp_stuck_in_the_mud
Swamp:3:  nzn_winding_woodlands_medium [nzn_winding_woodlands_5x5_cross,
          nzn_winding_woodlands_5x15_river_crossing,
          nzn_winding_woodlands_5x5_three, nzn_winding_woodlands_5x5_default,
          nzn_winding_woodlands_center_pierced_h,
          nzn_winding_woodlands_5x5_open_star,
          nzn_winding_woodlands_5x5_perimeter, nzn_winding_woodlands_5x15_pool,
          nzn_winding_woodlands_5x5_checkerboard], layout_basic_swamp,
          hangedman_swamp_cone, grunt_hermit_hut
Swamp:4:  nzn_swamp_witches_coven, layout_basic_swamp, swamp_pool1
Snake:1:  layout_chambers, gammafunk_ghost_split, serial_shops, shop_fountains,
          uniq_louise
Snake:2:  nicolae_aizul_guard, layout_onion_interference, drop_trap,
          nicolae_snake_guarding_the_ruins, uniq_vashnia
Snake:3:  layout_honeycomb, serial_shops, nicolae_shop_bloodbath_and_beyond,
          ebering_ghost_rock_garden, nicolae_snake_squiggles, uniq_agnes,
          uniq_kirke
Snake:4:  grunt_snake_rune_pools, layout_misc_corridors,
          portal_ice_cave_entry_dragon, nicolae_snake_dead_anacondas,
          serial_bayou_shore_a, grunt_megastairs_3
Slime:1:  layout_caves, nicolae_slime_phagocytosis
Orc:1:    layout_caves
Orc:2:    grunt_orc_gardens, layout_caves, grunt_orc_garden, grunt_orc_garden,
          grunt_orc_garden, grunt_orc_garden
Elf:1:    eino_elf_arrival_the_gate, layout_loops_cross,
          hangedman_elf_disciples, uniq_jorgrun, uniq_azrael
Elf:2:    nicolae_elf_blades_crystal_corner, layout_geoelf_grid, lemuel_elevator
Elf:3:    minmay_elf_hall, layout_gridlike, serial_shops, shop,
          corexii_leaking_fountain
Vaults:1: nicolae_vaults_inception_network, v_misc_17, grunt_vaults_twisty,
          grunt_vaults_bifocal, ontoclasm_vaults_chip,
          nicolae_vaults_sealed_display, nicolae_vaults_border_crossing,
          vaults_room_large_hall, dpeg_vaults_monster_box, vaults_dpeg_ring,
          layout_vaults_omnigrid, serial_shops, shop
Vaults:2: v_pattern_5, st_greater_box_3, v_misc_3,
          ontoclasm_vaults_claustrophobia, grunt_vaults_swirl,
          vaults_standard_mumra_x, hangedman_vaults_capsules,
          nicolae_vaults_windows_and_doors_thing, vaults_room_door_ring,
          vaults_room_pools, vaults_dpeg_emergency_exit,
          ontoclasm_vaults_bender, layout_vaults_big_cross, uniq_zenata,
          uniq_mara
Vaults:3: nicolae_vaults_branching_niches, v_misc_26, hangedman_vaults_stagger,
          vaults_room_pools, v_misc_4, v_misc_23, v_misc_16,
          minmay_crypt_entry_simple_sparse, vaults_dpeg_doors,
          nicolae_vaults_little_squares_6, ontoclasm_vaults_chip,
          layout_vaults_omnibox
Vaults:4: v_misc_13, v_rooms_6, hangedman_vaults_slice,
          nicolae_vaults_network_s, v_misc_2, vaults_room_semicircle,
          vaults_room_ringed_pool, v_misc_16, v_misc_11, vaults_mumra_hexcomb,
          v_misc_23, st_hourglassy, v_misc_22, layout_vaults_ring
Vaults:5: serial_shops
Crypt:1:  layout_misc_corridors
Crypt:2:  layout_chaotic_city, mu_enter_wizlab_3, grunt_megastairs_4,
          lemuel_upstairs_altar, uniq_sojobo, uniq_donald
Crypt:3:  due_elkab, layout_chaotic_city, nicolae_tomb_entry_grand_gallery
Depths:1: layout_gridville, enter_ziggurat_e, grunt_hell_entry_dis_old,
          pan_entry, okawaru_gym_becter
Depths:2: evilmike_library_of_no_secrets, layout_small_grid, serial_shops,
          bzr_firewalk, nicolae_lakefront_shop, pan_entry, hellmouth_1,
          abandoned_shop, tso_altar, uniq_bai_suzhen, uniq_saint_roka
Depths:3: four-leaf_vault, layout_gridlike, serial_shops, shop_scrolls,
          grunt_metal_band, abyss_entry, reono_crystal_passage,
          kennysheep_boxes, minmay_staircase_statues_hall_large
Depths:4: evilmike_zot_entry_basic, layout_long_grid, hangedman_coc_ice_floe,
          kennysheep_pointless_box, uniq_frederick, uniq_margery, uniq_parghit
Zot:1:    layout_misc_corridors, st_stairs_5, grunt_megastairs_1, uniq_grunn,
          uniq_vv
Zot:2:    hangedman_snap_crack_crunch, layout_onion_interference,
          lemuel_lich_library
Zot:3:    layout_onion, skrybe_zot_glass_1
Zot:4:    layout_onion, grunt_ministairs_6, hangedman_zot_gyre, lemuel_elevator
Zot:5:    layout_twisted_circle

Skill      XL: |  1  2  3  4  5  6  7  8  9 10 11 12 13 14 15 16 17 18 19 20 21 22 23 24 25 26 27 |
---------------+----------------------------------------------------------------------------------+-----
Invocations    | 1 2 3 4 5 6 7 8 9 10 11 12 13 14 15 16 17 18 19 20 21 | 21.7
Short Blades   | 1 2 3 5 6 7 8 9 10 11 12 13 14 15 16 17 18 20 | 20.1
Long Blades    | 1 2 3 5 6 7 8 9 10 11 12 13 14 15 16 17 18 20 | 20.1
Axes           | 1 2 3 5 6 7 8 9 10 11 12 13 14 15 16 17 18 20 | 20.1
Maces & Flails | 1 2 3 5 6 7 8 9 10 11 12 13 14 15 16 17 18 20 | 20.1
Polearms       | 1 2 3 5 6 7 8 9 10 11 12 13 14 15 16 17 18 20 | 20.1
Staves         | 1 2 3 5 6 7 8 9 10 11 12 13 14 15 16 17 18 20 | 20.1
Ranged Weapons | 1 2 3 5 6 7 8 9 10 11 12 13 14 15 16 17 18 20 | 20.1
Throwing       | 1 2 3 5 6 7 8 9 10 11 12 13 14 15 16 17 19 21 | 21.8
Shields        | 1 2 3 5 6 7 8 9 10 11 12 13 14 15 16 17 18 20 | 20.1
Unarmed Combat | 1 2 3 5 6 7 8 9 10 11 12 13 14 15 16 17 18 20 | 20.1
Spellcasting   | 1 2 3 5 6 7 8 9 10 11 12 13 14 15 16 17 18 20 | 20.1
Conjurations   | 1 2 3 4 5 6 7 8 9 10 11 12 13 14 15 17 | 17.1
Hexes          | 1 2 3 4 5 6 7 8 9 10 11 12 13 14 15 17 | 17.1
Summonings     | 1 2 3 4 5 6 7 8 9 10 11 12 13 14 15 17 | 17.1
Necromancy     | 1 2 3 4 5 6 7 8 9 10 11 12 13 14 15 17 | 17.1
Translocations | 1 2 3 4 5 6 7 8 9 10 11 12 13 14 15 17 | 17.1
Transmutations | 1 2 3 4 5 6 7 8 9 10 11 12 13 14 15 17 | 17.1
Fire Magic     | 1 2 3 4 5 6 7 8 9 10 11 12 13 14 15 17 | 17.1
Ice Magic      | 1 2 3 4 5 6 7 8 9 10 11 12 13 14 15 17 | 17.1
Air Magic      | 1 2 3 4 5 6 7 8 9 10 11 12 13 14 15 17 | 17.1
Earth Magic    | 1 2 3 4 5 6 7 8 9 10 11 12 13 14 15 17 | 17.1
Poison Magic   | 1 2 3 4 5 6 7 8 9 10 11 12 13 14 15 17 | 17.1
Fighting       | 3 4 5 6 8 9 11 12 14 15 16 17 18 19 20 21 22 23 24 25 | 25.2
Dodging        | 3 4 5 6 7 8 9 10 11 12 13 14 15 16 17 18 20 | 20.2
Stealth        | 3 4 5 6 7 8 9 10 11 12 13 14 15 16 17 18 20 | 20.2
Armour         | 5 6 7 8 9 10 11 12 13 14 15 16 17 18 19 20 | 20.5
Evocations     | 7 8 9 10 11 12 13 14 15 16 17 18 19 20 | 20.9

Action                     |  1- 3 |  4- 6 |  7- 9 | 10-12 | 13-15 | 16-18 | 19-21 | 22-24 | 25-27 || total
---------------------------+-------+-------+-------+-------+-------+-------+-------+-------+-------++-------
  Melee: Whip              |   100 |    13 |       |       |       |       |       |       |       ||   113
         Bite              |     8 |    17 |    28 |    25 |    78 |    48 |    80 |   138 |   154 ||   576
         Punch             |     2 |     2 |     1 |     3 |    14 |    10 |       |       |       ||    32
         Flail             |       |    83 |   104 |    88 |   152 |       |       |       |       ||   427
         Halberd           |       |    13 |    94 |       |       |       |       |       |       ||   107
         Battleaxe         |       |       |    28 |   106 |   293 |    32 |       |       |       ||   459
         Broad axe         |       |       |       |       |    12 |   402 |   531 |   591 |   673 ||  2209
         Double sword      |       |       |       |       |       |       |   113 |   699 |  1129 ||  1941
         Demon whip        |       |       |       |       |       |       |       |       |    23 ||    23
         Headbutt          |       |       |       |       |       |       |       |       |    15 ||    15
   Fire: Shortbow          |       |       |    46 |   118 |       |       |       |       |       ||   164
         Triple crossbow   |       |       |       |       |    83 |   150 |       |       |       ||   233
         Hand crossbow     |       |       |       |       |       |       |       |       |   165 ||   165
   Cast: Wereblood         |       |     1 |       |     2 |    18 |     6 |     2 |     1 |     1 ||    31
         Stone Arrow       |       |       |    11 |   106 |    89 |    44 |    10 |     1 |       ||   261
         Frozen Ramparts   |       |       |       |    21 |    20 |     9 |     1 |       |       ||    51
         Static Discharge  |       |       |       |     6 |    11 |       |       |       |       ||    17
         Vhi's Electric Ch |       |       |       |     1 |     2 |       |       |       |       ||     3
         Teleport Other    |       |       |       |     2 |     1 |       |       |       |       ||     3
         Arcjolt           |       |       |       |       |    39 |    10 |    40 |    66 |    13 ||   168
         Lesser Beckoning  |       |       |       |       |    12 |    41 |    67 |    16 |    36 ||   172
         Ozocubu's Armour  |       |       |       |       |    19 |     7 |       |       |       ||    26
         Apportation       |       |       |       |       |     2 |     3 |       |       |     3 ||     8
         Statue Form       |       |       |       |       |       |    19 |     5 |     2 |    18 ||    44
         Passage of Golubr |       |       |       |       |       |    11 |     5 |       |     5 ||    21
         Yara's Violent Un |       |       |       |       |       |       |     4 |     5 |     4 ||    13
         Manifold Assault  |       |       |       |       |       |       |    41 |   223 |   483 ||   747
         Haunt             |       |       |       |       |       |       |     2 |    12 |    34 ||    48
         Dispersal         |       |       |       |       |       |       |       |     1 |     7 ||     8
         Ignition          |       |       |       |       |       |       |       |       |    26 ||    26
         Silence           |       |       |       |       |       |       |       |       |     1 ||     1
         Portal Projectile |       |       |       |       |       |       |       |       |     4 ||     4
         Passwall          |       |       |       |       |       |       |       |       |     2 ||     2
         Borgnjor's Revivi |       |       |       |       |       |       |       |       |     1 ||     1
 Invoke: Slouch            |       |       |       |     4 |       |     3 |     6 |     1 |     1 ||    15
         Temporal Distorti |       |       |       |       |       |       |       |     1 |       ||     1
Ability: End Transformatio |       |       |       |       |       |     3 |       |       |     2 ||     5
  Evoke: Wand              |     1 |     5 |     6 |     2 |       |     4 |     7 |       |    35 ||    60
         Box of beasts     |       |       |       |       |       |       |       |       |     2 ||     2
    Use: Potion            |       |     1 |     1 |     2 |     1 |     1 |     5 |       |    19 ||    30
         Scroll            |       |     1 |     5 |     5 |    19 |    10 |    20 |     1 |    24 ||    85
   Stab: Sleeping          |     3 |     2 |     4 |     6 |     9 |    17 |    18 |    44 |    17 ||   120
         Distracted        |       |       |     2 |     2 |     1 |     2 |     4 |     5 |    23 ||    39
         Petrified         |       |       |       |       |     3 |       |       |       |       ||     3
         Petrifying        |       |       |       |       |     1 |       |       |       |       ||     1
         Invisible         |       |       |       |       |     3 |       |       |       |       ||     3
         Confused          |       |       |       |       |       |     1 |       |       |       ||     1
         Paralysed         |       |       |       |       |       |     1 |       |       |       ||     1
 Armour: Leather armour    |    25 |    15 |    51 |       |       |       |       |       |       ||    91
         Robe              |       |       |       |    51 |   134 |       |       |       |       ||   185
         Ring mail         |       |       |       |       |    17 |   100 |    78 |    82 |   103 ||   380
         Skin              |       |       |       |       |       |    77 |    22 |    11 |    26 ||   136
         Ice dragon scales |       |       |       |       |       |     5 |       |       |       ||     5
  Dodge: Dodged            |    77 |   124 |   357 |   407 |   910 |   714 |   518 |   438 |   548 ||  4093
  Block: Tower shield      |       |       |       |       |       |   466 |  1084 |  1170 |  1317 ||  4037

Table legend: (Time is in decaauts)
 A = Elapsed time spent in this place.
 B = Non-inter-level travel time spent in this place.
 C = Inter-level travel time spent in this place.
 D = Time resting spent in this place.
 E = Time spent auto-exploring this place.
 F = Levels seen in this place.
 G = Mean time per level.
                   A        B        C        D        E       F      G
               +--------+--------+--------+--------+--------+-----+--------+
         Total | 100160 |  83871 |  16289 |   3331 |  47306 |  59 | 1697.6 |
       Dungeon |  24489 |  20248 |   4241 |    528 |  14777 |  15 | 1632.6 |
          Lair |  11262 |   7886 |   3376 |    152 |   5286 |   5 | 2252.4 |
         Swamp |   6344 |   5538 |    806 |    226 |   2611 |   4 | 1586.0 |
     Snake Pit |   8092 |   7701 |    391 |    212 |   4850 |   4 | 2023.0 |
    Slime Pits |      1 |      1 |      0 |      0 |      0 |   1 |    1.0 |
  Orcish Mines |   2552 |   1842 |    710 |      2 |   1338 |   2 | 1276.0 |
   Elven Halls |   5628 |   5011 |    617 |    381 |   2685 |   3 | 1876.0 |
        Vaults |  12867 |  10840 |   2027 |    439 |   7843 |   5 | 2573.4 |
         Crypt |   5540 |   5176 |    364 |     86 |   2565 |   3 | 1846.7 |
        Depths |   9725 |   7500 |   2225 |    357 |   3984 |   4 | 2431.2 |
           Zot |   8896 |   7368 |   1528 |    740 |    297 |   5 | 1779.2 |
         Abyss |   1909 |   1909 |      0 |     66 |    109 |   4 |  477.2 |
        Bazaar |    563 |    563 |      0 |      0 |    202 |   1 |  563.0 |
         Sewer |   1070 |   1070 |      0 |      0 |    628 |   1 | 1070.0 |
        Bailey |    793 |    793 |      0 |      9 |    128 |   1 |  793.0 |
      Ice Cave |    421 |    421 |      0 |    132 |      0 |   1 |  421.0 |
               +--------+--------+--------+--------+--------+-----+--------+

Top non-repeatable levels by time:
Vaults:1: 4612 daAuts
Vaults:2: 3533 daAuts
Depths:3: 3246 daAuts
 Crypt:3: 2826 daAuts
   Zot:5: 2795 daAuts
  Lair:1: 2780 daAuts
 Snake:1: 2645 daAuts
  Lair:2: 2594 daAuts
     D:9: 2469 daAuts
Depths:2: 2388 daAuts
Vaults:4: 2363 daAuts
Vaults:3: 2356 daAuts
    D:15: 2349 daAuts
  Lair:4: 2257 daAuts
    D:14: 2233 daAuts
